 Dungeon Crawl Stone Soup version 0.31-a0-986-g5e6e4ef867 (webtiles) character file.

Game seed: 9937205350824569940

238 wildpjah the Slasher (level 6, 0/39 HPs)
             Began as a Tengu Monk on Nov 22, 2023.
             Was a Believer of Okawaru.
             Slain by an orc wizard
             ... wielding a +0 dagger
              (2 damage)
             ... on level 4 of the Dungeon.
             The game lasted 00:03:26 (2654 turns).

wildpjah the Slasher (Tengu Monk)                   Turns: 2654, Time: 00:03:28

Health: 0/39       AC:  5    Str: 11    XL:     6   Next: 7%
Magic:  7/7        EV: 12    Int: 11    God:    Okawaru [**....]
Gold:   155        SH:  0    Dex: 18    Spells: 5/5 levels left

rFire   . . .        a - +0 falchion
rCold   . . .        d - orb {light}
rNeg    . . .        t - +0 ring mail
rPois   .            (helmet restricted)
rElec   .            (no cloak)
rCorr   .            (no gloves)
SInv    .            (boots unavailable)
Will    .....        q - amulet of faith
Stlth   +            (no ring)
HPRegen 0.26/turn    (no ring)
MPRegen 0.10/turn

%: acrobat, faith
@: glowing, invisible (but backlit and visible)
A: beak, talons 3, acrobatic
a: Renounce Religion, Heroism


You were on level 4 of the Dungeon.
You worshipped Okawaru.
Okawaru was pleased with you.
You visited 1 branch of the dungeon, and saw 4 of its levels.

You collected 155 gold pieces.

Inventory:

Hand Weapons
 a - a +0 falchion (weapon)
Missiles
 u - a throwing net
Armour
 b - a +0 robe
 d - an orb of light (worn)
 t - a +0 ring mail (worn)
Jewellery
 q - an amulet of faith (around neck)
Scrolls
 g - a scroll of vulnerability
 h - a scroll of fear
 k - 2 scrolls of poison
 o - a scroll of blinking
 p - a scroll of teleportation
 r - 2 scrolls of enchant armour
 s - a scroll of fog
Potions
 c - a potion of ambrosia
 e - a potion of cancellation
 f - a potion of invisibility
 l - 2 potions of attraction {unknown}
 m - 2 potions of might {unknown}
 n - a potion of curing {unknown}


   Skills:
 * Level 4.4 Fighting
 + Level 4.9 Long Blades
 * Level 2.1 Armour
 + Level 4.1 Dodging
 + Level 1.1 Stealth


You had 5 spell levels left.
You didn't know any spells.
Your spell library contained the following spells:

 Spells                   Type           Power      Damage    Failure   Level
 Ensorcelled Hibernation  Hex/Ice        0%         N/A       77%         2
 Jinxbite                 Hex            0%         N/A       77%         2
 Anguish                  Hex/Necr       0%         N/A       100%        4
 Summon Small Mammal      Summ           Unusable   N/A       N/A         1
 Call Canine Familiar     Summ           Unusable   N/A       N/A         3
 Summon Guardian Golem    Hex/Summ       Unusable   N/A       N/A         3

Dungeon Overview and Level Annotations

Branches:
Dungeon (4/15)
 Temple: D:4-7

Altars:
Okawaru
Vehumet
The Shining One


Innate Abilities, Weirdness & Mutations

You have a beak for a mouth.
You have claws for feet.
You can magically evade attacks while moving or waiting.


Message History

You feel sick. The kobold zombie misses you.
The orc hits you with a +0 dagger of venom.
You are more poisoned.
You slash the orc!
You kill the orc!
Okawaru accepts your kill.
You feel very sick.
The orc wizard gestures wildly while chanting.
The orc wizard flickers and vanishes!
Deactivating autopickup; reactivate with Ctrl-A.
The kobold zombie barely misses you.
You slash the kobold zombie!
You destroy the kobold zombie!
Okawaru accepts your kill.
You feel very sick.
Unknown command.
You feel sick.
You feel very sick.
You feel sick.
The orc priest calls down the wrath of Beogh upon you.
You feel sick.
The orc wizard gestures at you while chanting.
The magic dart hits you.
* * * LOW HITPOINT WARNING * * *
You feel sick.
It was a potion of cancellation.
You feel magically purged.
You feel sick.
It was a potion of invisibility.
You become transparent, but the glow from your halo prevents you from becoming completely invisible.
You feel sick.
The orc wizard points at you and mumbles some strange words.
The magic dart hits you.
* * * LOW HITPOINT WARNING * * *
Okay, then.
You feel sick.
You start removing your armour.
You continue taking off your orb of light.
You feel sick.
You are no longer poisoned.
The orc wizard hits you with a +0 dagger.
You die...

#.+ #.... !... ....#
.).Z.##...# ..Z.....o.#
#)..# #...# #..##
.####...##################
...=....oo@..............†.
........###################
#########


You could see an orc priest and an orc wizard (invisible).

Vanquished Creatures
  A scorpion (D:4)
  A crimson imp (D:4)
  3 gnolls (D:4)
  2 adders (D:3)
  2 worms
  2 dart slugs (D:3)
  5 orcs
  5 endoplasms
  3 giant cockroaches
  6 goblins
  5 hobgoblins
  9 kobolds
  A quokka (D:1)
  10 ball pythons
  9 bats
  4 frilled lizards
  2 goblin zombies (D:4)
  A hobgoblin zombie (D:4)
  A kobold zombie (D:4)
  An orc zombie (D:4)
  10 rats
83 creatures vanquished.

Notes
Turn   | Place    | Note
-------+----------+-------------------------------------------
     0 | D:1      | wildpjah the Tengu Monk began the quest for the Orb.
     0 | D:1      | Reached XP level 1. HP: 14/14 MP: 2/2
   171 | D:1      | Reached XP level 2. HP: 14/19 MP: 3/3
   640 | D:2      | Reached XP level 3. HP: 23/23 MP: 4/4
  1542 | D:3      | Reached skill level 1 in Armour
  1862 | D:3      | Reached XP level 4. HP: 29/29 MP: 5/5
  1888 | D:3      | Found a radiant altar of Vehumet.
  2257 | D:3      | Identified the +11 spear "Zygoitwe" {flame, rPois rN+
                  | Int+3}
  2454 | D:4      | Noticed a scorpion
  2477 | D:4      | Killed a scorpion
  2478 | D:4      | Reached skill level 1 in Stealth
  2478 | D:4      | Reached XP level 5. HP: 27/33 MP: 6/6
  2551 | D:4      | Found an iron altar of Okawaru.
  2560 | D:4      | Became a worshipper of Warmaster Okawaru
  2560 | D:4      | Reached * piety under Okawaru
  2560 | D:4      | Reached ** piety under Okawaru
  2619 | D:4      | Found a glowing golden altar of the Shining One.
  2634 | D:4      | Reached XP level 6. HP: 38/39 MP: 7/7
  2654 | D:4      | Slain by an orc wizard

Illustrated notes

Levels and vault maps discovered:
D:1:      psy_arrival_dodecagon, layout_loops_ring, minmay_split_cup_small
D:2:      layout_basic
D:3:      minmay_recursive_quarters, layout_loops_corners,
          mainiacjoe_overflow_cross_hatched
D:4:      layout_rooms, trog_ov_bears_minmay, okawaru_altar_gauntlet_db,
          nicolae_tso_besieged_by_evil, nicolae_ossuary_entry_ruins,
          uniq_menkaure

Skill      XL: |  1  2  3  4  5 |
---------------+----------------+-----
Armour         | 1 2 |  2.1
Long Blades    | 4 |  4.9
Fighting       | 4 |  4.4
Stealth        | 1 |  1.1
Dodging        | 4 |  4.1

Action                     |  1- 3 |  4- 6 || total
---------------------------+-------+-------++-------
  Melee: Falchion          |    73 |    88 ||   161
         Kick              |    13 |    25 ||    38
         Peck              |     7 |    15 ||    22
    Use: Scroll            |       |     8 ||     8
         Potion            |       |     2 ||     2
   Stab: Sleeping          |     1 |       ||     1
 Armour: Robe              |    23 |     3 ||    26
         Ring mail         |       |    36 ||    36
  Dodge: Dodged            |    49 |    70 ||   119

Table legend: (Time is in decaauts)
 A = Elapsed time spent in this place.
 B = Non-inter-level travel time spent in this place.
 C = Inter-level travel time spent in this place.
 D = Time resting spent in this place.
 E = Time spent auto-exploring this place.
 F = Levels seen in this place.
 G = Mean time per level.
                   A        B        C        D        E       F      G
               +--------+--------+--------+--------+--------+-----+--------+
         Total |   2670 |   2538 |    132 |      0 |   2102 |   4 |  667.5 |
       Dungeon |   2670 |   2538 |    132 |      0 |   2102 |   4 |  667.5 |
               +--------+--------+--------+--------+--------+-----+--------+

Top non-repeatable levels by time:
     D:3: 1034 daAuts
     D:2: 832 daAuts
     D:1: 556 daAuts
     D:4: 247 daAuts
